 Dungeon Crawl Stone Soup version 0.22.1-2-g9c5b331383 (webtiles) character file.

40 Descartes the Insei (level 3, -2/17 HPs)
             Began as a Vine Stalker Transmuter on Dec 14, 2018.
             Succumbed to a goblin's poison
             ... on level 2 of the Dungeon.
             The game lasted 00:03:36 (2060 turns).

Descartes the Insei (Vine Stalker Transmuter)       Turns: 2060, Time: 00:03:37

Health: -2/17      AC:  2    Str: 12    XL:     3   Next: 50%
Magic:  2/7        EV: 12    Int: 14    God:
Gold:   105        SH:  0    Dex: 14    Spells: 3/6 levels left

rFire    . . .     SeeInvis .     - Unarmed
rCold    . . .     Gourm    .   (no shield)
rNeg     . . .     Faith    .   b - +0 robe
rPois    .         Spirit   +   (no helmet)
rElec    .         Reflect  .   (no cloak)
rCorr    .         Harm     .   (no gloves)
MR       .....                  (no boots)
Stlth    +.........             (no amulet)
HPRegen  0.05/turn              (no ring)
MPRegen  0.10/turn              (no ring)

@: lethally poisoned (-2 -> -34)
A: fangs 2, magic shield, antimagic bite, no potion heal 3, rot immunity
a: no special abilities


You were on level 2 of the Dungeon.
You were not hungry.

You visited 1 branch of the dungeon, and saw 2 of its levels.

You collected 105 gold pieces.

Inventory:

Missiles
 a - 12 arrows
Armour
 b - a +0 robe (worn)
Scrolls
 c - 2 scrolls of teleportation {unknown}
 e - 2 scrolls of identify
 g - a scroll of amnesia {unknown}
 h - 3 scrolls of remove curse
Potions
 f - a potion of might
Comestibles
 d - 3 rations


   Skills:
 - Level 0.8 Fighting
 - Level 1.5 Dodging
 + Level 3.7 Unarmed Combat
 - Level 2.1 Spellcasting
 + Level 3.0 Transmutations


You had 3 spell levels left.
You knew the following spells:

 Your Spells              Type           Power        Failure   Level  Hunger
a - Beastly Appendage     Tmut           ##....       7%          1    #......
b - Sticks to Snakes      Tmut           ##......     10%         2    ###....

Your spell library contained the following spells:

 Spells                   Type           Power        Failure   Level  Hunger
 Spider Form              Tmut/Pois      #.........   36%         3    ###....
 Ice Form                 Ice/Tmut       #.......     77%         4    #####..
 Blade Hands              Tmut           ##........   88%         5    ######.


Dungeon Overview and Level Annotations

Branches:
Dungeon (2/15)

Altars:


Innate Abilities, Weirdness & Mutations

You have extremely sharp teeth.
When hurt, damage is shared between your health and your magic reserves.
Your bite disrupts and absorbs the magic of your enemies.
Potions cannot restore your health.
You are immune to rotting.


Message History

You are poisoned.
You closely miss the goblin. You bite the goblin, but do no damage.
You feel sick. The goblin hits you but does no damage.
You are lethally poisoned!
The worm misses you.
You miss the goblin.
You feel sick.
The goblin hits you with a dagger of venom.
You are more poisoned.
The worm bites you!
All of the chunks of flesh in your inventory have rotted away.
You hit the goblin.
The goblin is moderately wounded.
* * * LOW HITPOINT WARNING * * *
You feel sick.
The goblin hits you with a dagger of venom.
* * * LOW HITPOINT WARNING * * *
You are more poisoned.
* * * LOW HITPOINT WARNING * * *
You feel sick.
You die...

..##### ### # .# ###. ##
########### #.. ..#
#........)# #.# ..
#.################w#.##.#
................@.g.....#
#..#####..##.........##...
#..#####..##.#####.......
..........##.#####......#
#.........##.##...........
..........##.##.##.#######
#########.##.##.##.# ...#
###.##.......# ##.#
#....<###.####


You could see a worm and a goblin.

Vanquished Creatures
  A dart slug (D:2)
  A leopard gecko (D:2)
  A bat (D:1)
  A giant cockroach (D:1)
  5 goblins
  7 hobgoblins
  5 jackals
  A kobold (D:2)
  A quokka (D:2)
  3 frilled lizards
  6 rats
32 creatures vanquished.

Notes
Turn   | Place    | Note
-------+----------+-------------------------------------------
     0 | D:1      | Descartes the Vine Stalker Transmuter began the quest for
                  | the Orb.
     0 | D:1      | Reached XP level 1. HP: 9/9 MP: 4/4
   619 | D:1      | Reached XP level 2. HP: 14/14 MP: 6/6
  1455 | D:2      | Reached XP level 3. HP: 14/17 MP: 7/7
  1604 | D:2      | Learned a level 2 spell: Sticks to Snakes
  2060 | D:2      | Succumbed to a goblin's poison

Skill      XL: |  1  2  3 |
---------------+----------+-----
Transmutations | 3 |  3.0
Fighting       | |  0.8
Dodging        | |  1.5
Unarmed Combat | |  3.7
Spellcasting   | |  2.1

Action                   || total
-------------------------++-------
Melee: Unarmed           ||   107
       Bite              ||    23
       Headbutt          ||     3
       Punch             ||     1
 Cast: Beastly Appendage ||     2
  Use: Scroll            ||     3
 Stab: Sleeping          ||     4
  Eat: Chunk             ||     4
Armor: Robe              ||    16
Dodge: Dodged            ||    53
